 Dungeon Crawl Stone Soup version 0.26-a0-778-g3fe0686644 (webtiles) character file.

Game seed: 15030490975313080006

50 DarkMailMan the Ruffian (level 3, -2/28 HPs)
             Began as a Draconian Transmuter on Nov 10, 2020.
             Was a Follower of Fedhas.
             Slain by an orc wizard
             ... wielding a +0 dagger
              (3 damage)
             ... on level 3 of the Dungeon on Nov 11, 2020.
             The game lasted 00:04:39 (1543 turns).

DarkMailMan the Ruffian (Draconian Transmuter)      Turns: 1543, Time: 00:04:40

Health: -2/28      AC:  5    Str: 13    XL:     3   Next: 55%
Magic:  6/6        EV: 12    Int: 13    God:    Fedhas [*.....]
Gold:   63         SH:  0    Dex: 11    Spells: 3/6 levels left

rFire    . . .     SeeInvis .   f - +1 hand axe (freeze)
rCold    . . .     Faith    .   (no shield)
rNeg     . . .     Spirit   .   (armour unavailable)
rPois    .         Reflect  .   (helmet restricted)
rElec    .         Harm     .   (no cloak)
rCorr    +         Rampage  .   (no gloves)
MR       .....                  (no boots)
Stlth    +.........             (no amulet)
HPRegen  0.09/turn              d - ring of resist corrosion
MPRegen  0.10/turn              (no ring)

@: no status effects
A: unfitting armour, cold-blooded, AC +5
a: Renounce Religion


You were on level 3 of the Dungeon.
You worshipped Fedhas.
Fedhas was aware of your devotion.
You visited 1 branch of the dungeon, and saw 3 of its levels.

You collected 63 gold pieces.

Inventory:

Hand Weapons
 f - a +1 hand axe of freezing (weapon)
Jewellery
 d - a ring of resist corrosion (left hand)
Scrolls
 a - 3 scrolls of enchant armour {unknown}
 b - 2 scrolls of teleportation {unknown}
 c - a scroll of amnesia {unknown}
 e - 2 scrolls of fear {unknown}
 h - a scroll of identify {unknown}
 j - a scroll of immolation {unknown}
Potions
 g - a potion of berserk rage {unknown}
 i - 2 potions of cancellation {unknown}
 k - a potion of attraction {unknown}
 l - a potion of brilliance {unknown}


   Skills:
 + Level 1.1 Fighting
 + Level 2.2 Dodging
 + Level 0.1 Stealth
 + Level 3.7 Unarmed Combat
 + Level 2.4 Spellcasting
 * Level 2.3 Transmutations


You had 3 spell levels left.
You knew the following spells:

 Your Spells              Type           Power        Failure   Level
a - Beastly Appendage     Tmut           #.....       10%         1
b - Wereblood             Tmut           #.......     14%         2

Your spell library contained the following spells:

 Spells                   Type           Power        Failure   Level
 Spider Form              Tmut/Pois      #.........   41%         3
 Ice Form                 Ice/Tmut       #.......     83%         4
 Blade Hands              Tmut           #.........   95%         5


Dungeon Overview and Level Annotations

Branches:
Dungeon (3/15)

Altars:
Fedhas


Innate Abilities, Weirdness & Mutations

Your plain brown scales are hard. (AC +5)
You cannot fit into any form of body armour.
You are cold-blooded and may be slowed by cold attacks.


Message History

You kill the orc!
Fedhas accepts your kill. The orc closely misses you.
Something hits you but does no damage. The orc barely misses you.
Unknown command.
You hit the orc. You freeze the orc.
You kill the orc!
Fedhas accepts your kill.
You miss the goblin. You miss something. You hit the orc but do no damage.
The goblin closely misses you. The orc hits you but does no damage.
You hear some strange, mumbled words.
A magic dart appears from out of thin air!
The magic dart hits you.
* * * LOW HITPOINT WARNING * * *
You hit the orc but do no damage. You hit the goblin. You freeze the goblin.
You hit the orc. You freeze the orc. You miss something.
You hit the orc but do no damage. The orc barely misses you.
The goblin hits you but does no damage. Something hits you.
You die...
Fedhas appreciates your contribution to the ecosystem.

######### ..
#.o$.<..#
....##@{.....#
.....ogoo.....#
......go......#
..............#
###.####.##.###
#. #....# #
#.#### #.# #.#


You could see 5 orcs and 2 goblins.

Vanquished Creatures
  An adder (D:2)
  2 dart slugs
  2 orcs (D:3)
  3 bats
  2 giant cockroaches
  8 goblins
  3 hobgoblins
  3 jackals (D:1)
  A ball python (D:1)
  3 kobolds (D:1)
  5 rats
33 creatures vanquished.

Notes
Turn   | Place    | Note
-------+----------+-------------------------------------------
     0 | D:1      | DarkMailMan the Draconian Transmuter began the quest for
                  | the Orb.
     0 | D:1      | Reached XP level 1. HP: 16/16 MP: 3/3
   496 | D:1      | Reached XP level 2. HP: 18/23 MP: 5/5
  1044 | D:2      | Reached XP level 3. HP: 20/28 MP: 6/6
  1145 | D:2      | Learned a level 2 spell: Wereblood
  1458 | D:2      | Found a faded altar of an unknown god.
  1504 | D:2      | Became a worshipper of Fedhas Madash
  1504 | D:2      | Reached * piety under Fedhas
  1542 | D:3      | HP: 1/28 [something/magic dart (5)]
  1543 | D:3      | Slain by an orc wizard

Illustrated notes

Levels and vault maps discovered:
D:1:      erik_arrival_triangle_small, layout_basic
D:2:      layout_loops_ring, chequers_ecumenical_altar_island, serial_rivers,
          chequers_serial_rivers_micro_d, chequers_serial_rivers_small_a,
          chequers_serial_rivers_small_b, chequers_serial_rivers_large_a
D:3:      layout_basic, grunt_temple_overflow_opulence, gup_sewer_entry_bowl

Skill      XL: |  1  2 |
---------------+-------+-----
Dodging        | 2 |  2.2
Fighting       | |  1.1
Stealth        | |  0.1
Unarmed Combat | |  3.7
Spellcasting   | |  2.4
Transmutations | |  2.3

Action                   || total
-------------------------++-------
Melee: Unarmed           ||    72
       Tailslap          ||    11
       Kick              ||     3
       Hand axe          ||    27
 Cast: Beastly Appendage ||     4
Armor: Skin              ||    54
Dodge: Dodged            ||    96

Table legend: (Time is in decaauts)
 A = Elapsed time spent in this place.
 B = Non-inter-level travel time spent in this place.
 C = Inter-level travel time spent in this place.
 D = Time resting spent in this place.
 E = Time spent auto-exploring this place.
 F = Levels seen in this place.
 G = Mean time per level.
                   A        B        C        D        E       F      G
               +--------+--------+--------+--------+--------+-----+--------+
         Total |   1560 |   1560 |      0 |    222 |    478 |   3 |  520.0 |
       Dungeon |   1560 |   1560 |      0 |    222 |    478 |   3 |  520.0 |
               +--------+--------+--------+--------+--------+-----+--------+

Top non-repeatable levels by time:
     D:1: 1005 daAuts
     D:2: 542 daAuts
     D:3: 12 daAuts
